 Dungeon Crawl Stone Soup version 0.27.1-34-g3ba077fa99 (webtiles) character file.

Game seed: 408586214772613870

623 Fek the Slasher (level 7, -1/55 HPs)
             Began as a Demonspawn Berserker on Feb 14, 2022.
             Was a Believer of Trog.
             Slain by a scorpion (6 damage)
             ... on level 4 of the Dungeon.
             The game lasted 00:06:09 (4547 turns).

Fek the Slasher (Demonspawn Berserker)              Turns: 4547, Time: 00:06:11

Health: -1/55      AC:  2    Str: 19    XL:     7   Next: 22%
Magic:  7/7        EV: 12    Int:  9    God:    Trog [**....]
Gold:   191        SH:  0    Dex: 12    Spells: 6/6 levels left

rFire    . . .     SeeInvis .   a - +0 falchion
rCold    . . .     Faith    .   (no shield)
rNeg     . . .     Spirit   .   b - +0 animal skin
rPois    +         Reflect  .   (no helmet)
rElec    .         Harm     .   (no cloak)
rCorr    .         Rampage  .   (no gloves)
Will     .....                  (no boots)
Stlth    ++........             (no amulet)
HPRegen  0.18/turn              l - ring of poison resistance
MPRegen  0.10/turn              (no ring)

@: on berserk cooldown, slowed, very slow
A: claws 1, hooves 1, ignite blood 1, spiny 1
a: Renounce Religion, Berserk, Trog's Hand


You were on level 4 of the Dungeon.
You worshipped Trog.
Trog was pleased with you.
You visited 1 branch of the dungeon, and saw 4 of its levels.

You collected 191 gold pieces.

Inventory:

Hand Weapons
 a - a +0 falchion (weapon)
Armour
 b - a +0 animal skin (worn)
Jewellery
 l - a ring of poison resistance (left claw)
Wands
 o - a wand of flame (13)
Scrolls
 c - 4 scrolls of teleportation {unknown}
 e - a scroll of fog {unknown}
 f - 2 scrolls of amnesia {unknown}
 g - 3 scrolls of identify {unknown}
 j - a scroll of vulnerability {unknown}
 n - a scroll of blinking {unknown}
 p - a scroll of enchant weapon {unknown}
Potions
 d - 2 potions of lignification {unknown}
 h - a potion of curing {unknown}
 i - a potion of heal wounds {unknown}
 k - 2 potions of haste {unknown}
 m - 2 potions of mutation {unknown}


   Skills:
 + Level 4.6 Fighting
 + Level 5.4 Long Blades
 + Level 2.0 Armour
 + Level 3.0 Dodging
 + Level 3.1 Stealth


You had 6 spell levels left.
You didn't know any spells.
Your spell library was empty.

Dungeon Overview and Level Annotations

Branches:
Dungeon (4/15)             Temple (0/1) D:4

Altars:
Gozag
Makhleb
Xom
The Shining One

Annotations:
D:3 1 runed translucent door, Dormantt's ghost, weakling DEFE


Innate Abilities, Weirdness & Mutations

You have sharp fingernails.
You have large cloven feet.
Your demonic aura sometimes causes spilled blood to erupt in flames.
You are partially covered in sharp spines.


Message History

A gnoll comes into view. It is wielding a +0 spear.
The gnoll shouts!
You hear a shout!
Things that are here:
a +0 spear; 16 gold pieces; a gnoll corpse You feel a strong urge to attack something.
A gnoll sergeant comes into view. It is wielding a +1 spear of venom.
You slash the gnoll!
The gnoll is heavily wounded.
The gnoll misses you.
You riposte.
You completely miss the gnoll. You kick the gnoll.
You kill the gnoll!
Trog accepts your kill.
Found 11 gold pieces and 12 poisoned darts.
You see here a +0 spear.
A scorpion comes into view.
You feel a strong urge to attack something.
You are no longer berserk.
You are exhausted.
You feel yourself slow down. The gnoll sergeant closely misses you.
The gnoll sergeant hits you with a +1 spear of venom!
The scorpion stings you!
* * * LOW HITPOINT WARNING * * *
You hit the gnoll sergeant. Your kick misses the gnoll sergeant.
The gnoll sergeant is lightly wounded.
The gnoll sergeant is struck by your spines.
The gnoll sergeant hits you with a +1 spear of venom!
* * * LOW HITPOINT WARNING * * *
The scorpion is struck by your spines. The scorpion barely misses you.
The gnoll sergeant is struck by your spines.
The gnoll sergeant closely misses you.
You riposte.
You closely miss the gnoll sergeant. You kick the gnoll sergeant.
The gnoll sergeant is heavily wounded.
The scorpion closely misses you.
You completely miss the gnoll sergeant. You kick the gnoll sergeant.
The gnoll sergeant is severely wounded.
The scorpion stings you.
* * * LOW HITPOINT WARNING * * *
The gnoll sergeant hits you but does no damage.
The scorpion stings you.
You die...

#.##...........)#######
# #.#####.#.......##
#..........#
#####).....# ##.)###..#
##.)##$#.## ##...#.##.#
#...).##..#
#..##.@g...#
#.##.#.s......
#.#(##.....### # ##
....### ...## #####


You could see a gnoll sergeant and a scorpion.

Vanquished Creatures
  2 ogres (D:4)
  A scorpion (D:2)
  A water moccasin skeleton (D:4)
  A jelly (D:4)
  2 orc priests
  Jessica (D:3)
  Natasha (thrice) (D:2)
  Terence (D:3)
  2 hound skeletons (D:4)
  4 gnolls (D:4)
  2 adders
  A worm (D:2)
  7 orcs
  5 ball pythons
  3 endoplasms
  4 giant cockroaches
  4 hobgoblins
  5 quokkas
  3 bats
  A frilled lizard (D:2)
  2 goblins (D:1)
  6 kobolds
  7 rats
68 creatures vanquished.

Notes
Turn   | Place    | Note
-------+----------+-------------------------------------------
     0 | D:1      | Fek the Demonspawn Berserker began the quest for the Orb.
     0 | D:1      | Reached XP level 1. HP: 18/18 MP: 1/1
   263 | D:1      | Gained mutation: Your demonic aura sometimes causes spilled
                  | blood to erupt in flames. [demonic ancestry]
   263 | D:1      | Reached XP level 2. HP: 23/24 MP: 2/2
   945 | D:2      | Reached skill level 3 in Long Blades
  1131 | D:2      | Reached XP level 3. HP: 19/29 MP: 3/3
  1395 | D:2      | Noticed a scorpion
  1411 | D:2      | Killed a scorpion
  1412 | D:2      | Gained mutation: You are partially covered in sharp spines.
                  | [demonic ancestry]
  1412 | D:2      | Reached XP level 4. HP: 37/37 MP: 4/4
  1508 | D:2      | Reached ** piety under Trog
  1664 | D:2      | Noticed a golden eye
  1666 | D:2      | Found a faded altar of an unknown god.
  1668 | D:2      | Noticed a great orb of eyes
  1671 | D:2      | Noticed an eye of devastation
  1671 | D:2      | Noticed a shining eye
  1764 | D:2      | Noticed Natasha
  1779 | D:2      | Killed Natasha
  1780 | D:2      | Reached skill level 1 in Stealth
  2276 | D:3      | Noticed Dormantt's ghost (weakling DEFE)
  2280 | D:3      | Found a runed translucent door.
  2427 | D:3      | Reached skill level 4 in Long Blades
  2427 | D:3      | Gained mutation: You have sharp fingernails. [demonic
                  | ancestry]
  2427 | D:3      | Reached XP level 5. HP: 40/42 MP: 5/5
  2820 | D:3      | Noticed Jessica
  2826 | D:3      | Killed Jessica
  3272 | D:3      | Noticed Terence
  3287 | D:3      | Killed Terence
  3480 | D:2      | Noticed Natasha
  3490 | D:2      | Killed Natasha
  3670 | D:2      | Noticed Natasha
  3675 | D:2      | Killed Natasha
  3676 | D:2      | Reached XP level 6. HP: 49/49 MP: 6/6
  3765 | D:4      | Found a burning altar of Makhleb.
  3765 | D:4      | Found a shimmering altar of Xom.
  3766 | D:4      | Found an opulent altar of Gozag.
  4138 | D:4      | Reached skill level 5 in Long Blades
  4138 | D:4      | Found a staircase to the Ecumenical Temple.
  4259 | D:4      | Gained mutation: You have large cloven feet. [demonic
                  | ancestry]
  4259 | D:4      | Reached XP level 7. HP: 39/55 MP: 7/7
  4547 | D:4      | Slain by a scorpion

Illustrated notes

Levels and vault maps discovered:
D:1:      scummos_arrival_simple_crosswalls, layout_rooms
D:2:      layout_loops_corners, hellmonk_ecumenical_altar_watching_god,
          uniq_natasha
D:3:      layout_loops_ring, hellmonk_ghost_happy_afterlife,
          roderic_roman_lattice, uniq_terence, uniq_jessica
D:4:      layout_basic, marbit_many_paths,
          chequers_temple_overflow_statue_of_worship, minmay_temple_entry_glass,
          kennysheep_crisscross, minmay_bisected, uniq_duvessa

Skill      XL: |  1  2  3  4  5  6  7 |
---------------+----------------------+-----
Long Blades    | 3 4 5 |  5.4
Dodging        | 2 3 |  3.0
Armour         | 2 |  2.0
Fighting       | 4 |  4.6
Stealth        | 1 2 3 |  3.1

Action                   |  1- 3 |  4- 6 |  7- 9 || total
-------------------------+-------+-------+-------++-------
Melee: Falchion          |    65 |    63 |    15 ||   143
       Kick              |       |       |     7 ||     7
Invok: Berserk           |     3 |     8 |     1 ||    12
 Stab: Sleeping          |     1 |     5 |       ||     6
Armor: Animal skin       |     8 |     7 |     2 ||    17
Dodge: Dodged            |    33 |    28 |    13 ||    74
       Rpst.: Falchion   |     9 |    10 |     4 ||    23
